 Dungeon Crawl Stone Soup version 0.26-a0-966-gd078a86f14 (webtiles) character file.

Game seed: 6469936029346943097

116 melchizedek the Stinger (level 4, 33/33 HPs)
             Began as a Draconian Venom Mage on Nov 30, 2020.
             Was an Initiate of Vehumet.
             Quit the game on level 2 of the Dungeon on Jan 27, 2021.
             The game lasted 00:10:06 (2683 turns).

melchizedek the Stinger (Draconian Venom Mage)      Turns: 2683, Time: 00:10:06

Health: 33/33      AC: 11    Str: 10    XL:     4   Next: 70%
Magic:  8/8        EV: 12    Int: 17    God:    Vehumet [......]
Gold:   96         SH:  0    Dex: 11    Spells: 5/8 levels left

rFire    . . .     SeeInvis .   m - +0 quarterstaff
rCold    . . .     Faith    .   (shield currently unavailable)
rNeg     . . .     Spirit   .   (armour unavailable)
rPois    .         Reflect  .   (helmet restricted)
rElec    .         Harm     .   (no cloak)
rCorr    .         Rampage  .   (no gloves)
MR       .....                  e - +1 pair of boots
Stlth    +++.......             (no amulet)
HPRegen  0.11/turn              n - +4 ring of protection
MPRegen  0.11/turn              p - ring of stealth

@: no status effects
A: unfitting armour, cold-blooded, AC +5
a: Renounce Religion


You were on level 2 of the Dungeon.
You worshipped Vehumet.
Vehumet was noncommittal.
You visited 1 branch of the dungeon, and saw 3 of its levels.

You collected 96 gold pieces.

Inventory:

Hand Weapons
 m - a +0 quarterstaff (weapon)
Armour
 e - a +1 pair of boots (worn)
 f - a +2 leather armour of fire resistance
Jewellery
 n - a +4 ring of protection (left hand)
 p - a ring of stealth (right hand)
Scrolls
 a - 3 scrolls of identify {unknown}
 d - 4 scrolls of teleportation {unknown}
 g - a scroll of fear {unknown}
 h - a scroll of remove curse {unknown}
 j - 2 scrolls of magic mapping {unknown}
 l - a scroll of blinking {unknown}
 q - a scroll of enchant weapon {unknown}
Potions
 b - a potion of ambrosia {unknown}
 c - 2 potions of heal wounds {unknown}
 i - 2 potions of haste {unknown}
 k - a potion of curing {unknown}
 o - a potion of invisibility {unknown}


   Skills:
 + Level 0.1 Fighting
 + Level 0.1 Staves
 + Level 2.0 Dodging
 + Level 2.3 Stealth
 + Level 0.3 Unarmed Combat
 + Level 2.8 Spellcasting
 + Level 1.4 Transmutations
 + Level 0.8 Air Magic
 * Level 4.0 Poison Magic


You had 5 spell levels left.
You knew the following spells:

 Your Spells              Type           Power        Failure   Level
a - Sting                 Tmut/Pois      ##..         6%          1
b - Poisonous Vapours     Pois/Air       ##....       10%         2

Your spell library contained the following spells:

 Spells                   Type           Power        Failure   Level
 Ignite Poison            Fire/Tmut/Pois #.......     26%         3
 Mephitic Cloud           Conj/Pois/Air  #.......     26%         3
 Olgreb's Toxic Radiance  Pois           ###.....     32%         4


Dungeon Overview and Level Annotations

Branches:
Dungeon (3/15)

Altars:
Vehumet


Innate Abilities, Weirdness & Mutations

Your plain brown scales are hard. (AC +5)
You cannot fit into any form of body armour.
You are cold-blooded and may be slowed by cold attacks.


Message History

Casting: Poisonous Vapours (safe; 10% risk of failure)
Confirm with . or Enter, or press ? or * to list all spells.
You can't see any susceptible monsters within range! (Use Z to cast anyway.) Unknown command.
There is a stone staircase leading up here.
You climb upwards.
There is a stone staircase leading down here.
You start resting.
Magic restored.
You start resting.
HP restored.
Saving game... please wait.
Welcome back, melchizedek the Draconian Venom Mage.
Vehumet says: Let it end in hellfire!
Press ? for a list of commands and other information.
Saving game... please wait.
Welcome back, melchizedek the Draconian Venom Mage.
Vehumet says: Let it end in hellfire!
Press ? for a list of commands and other information.
Are you sure you want to abandon this character and quit the game? (Confirm with "yes".)

#####.#
##..)..#####.#######
#####.###............#
##........##.#########
...##.######.# #####.# #.#
#####.# #.# ......# #.#
####### #.#########
#.##.@..>.# #.##>####.#
####.##.####.#####
#....##.#........# #####
#.........##.###.#
#...#####.....#.####.# #.#
#...............####.# #.#
#####
#...#######...#......###.#
#.... ##.##
##.###......##.# #.###


There were no monsters in sight!

Vanquished Creatures
  An orc wizard (D:3)
  4 adders (D:2)
  A worm (D:2)
  A dart slug (D:2)
  2 leopard geckos
  An orc (D:3)
  2 giant cockroaches (D:1)
  5 goblins
  8 hobgoblins
  4 kobolds
  2 quokkas (D:2)
  A ball python (D:1)
  8 bats
  5 frilled lizards
  A leopard gecko skeleton (D:2)
  2 rats
48 creatures vanquished.

Notes
Turn   | Place    | Note
-------+----------+-------------------------------------------
     0 | D:1      | melchizedek the Draconian Venom Mage began the quest for
                  | the Orb.
     0 | D:1      | Reached XP level 1. HP: 14/14 MP: 3/3
   251 | D:1      | Reached XP level 2. HP: 20/20 MP: 3/5
   254 | D:1      | Learned a level 2 spell: Poisonous Vapours
  1122 | D:2      | Reached XP level 3. HP: 26/26 MP: 3/6
  1797 | D:2      | Found a radiant altar of Vehumet.
  1828 | D:2      | Became a worshipper of Vehumet
  2038 | D:2      | Reached XP level 4. HP: 33/33 MP: 4/7
  2511 | D:3      | Reached skill level 4 in Poison Magic
  2681 | D:2      | Upgraded the game from 0.26-a0-958-gf3041fb45f to
                  | 0.26-a0-966-gd078a86f14
  2683 | D:2      | Quit the game

Illustrated notes

Levels and vault maps discovered:
D:1:      lightli_arrival_lavapool, layout_basic
D:2:      layout_loops_corners, nicolae_overflow_crystal_walls,
          minmay_misc_feat_columns, patterned_corridor
D:3:      layout_loops_ring, nrook_loot_triangle, uniq_sigmund

Skill      XL: |  1  2  3  4 |
---------------+-------------+-----
Stealth        | 2 |  2.3
Dodging        | 2 |  2.0
Poison Magic   | 4 |  4.0
Fighting       | |  0.1
Staves         | |  0.1
Unarmed Combat | |  0.3
Spellcasting   | |  2.8
Transmutations | |  1.4
Air Magic      | |  0.8

Action                   |  1- 3 |  4- 6 || total
-------------------------+-------+-------++-------
Melee: Unarmed           |    42 |       ||    42
       Tailslap          |     6 |       ||     6
       Quarterstaff      |    11 |     7 ||    18
 Cast: Sting             |    24 |     9 ||    33
       Poisonous Vapours |    17 |    11 ||    28
 Stab: Distracted        |     1 |       ||     1
       Sleeping          |     1 |       ||     1
Armor: Skin              |    14 |     5 ||    19
Dodge: Dodged            |    36 |     2 ||    38

Table legend: (Time is in decaauts)
 A = Elapsed time spent in this place.
 B = Non-inter-level travel time spent in this place.
 C = Inter-level travel time spent in this place.
 D = Time resting spent in this place.
 E = Time spent auto-exploring this place.
 F = Levels seen in this place.
 G = Mean time per level.
                   A        B        C        D        E       F      G
               +--------+--------+--------+--------+--------+-----+--------+
         Total |   2686 |   2642 |     44 |    388 |   1791 |   3 |  895.3 |
       Dungeon |   2686 |   2642 |     44 |    388 |   1791 |   3 |  895.3 |
               +--------+--------+--------+--------+--------+-----+--------+

Top non-repeatable levels by time:
     D:2: 1453 daAuts
     D:1: 1027 daAuts
     D:3: 206 daAuts
